AoeStats
← thecal

Oasis

509402778Analyzed
2v2 RM · 7d ago on Sep 26, 2026· 65m 53s· 4 players
Game mode
Random Map
Map size
Medium (4 player)
Population
200
Speed
Normal
Resources
Standard
Victory
Conquest
Starting age
Dark Age
Ending age
Imperial Age
RankedLock teamsTeams togetherTeam positionsShared explorationLock speedFull tech treeHidden civsTurbo modeCheats
Victory
Defeat
🇩🇪 Bulgarians · Germany
853
+16
🇩🇪 Magyars · Germany
846
+16
🇹🇷 Magyars · Türkiye
847
-16
🇹🇷 Mongols · Türkiye
847
-16
thecal
8:35 Loom
11:24 Feudal Age
13:01 Man-at-Arms
21:56 Scale Mail Armor
22:23 Double-Bit Axe
26:11 Castle Age
25:15 Horse Collar
26:13 Long Swordsman
28:06 Husbandry
34:22 Scale Barding Armor
38:06 Chain Barding Armor
41:40 Pikeman
49:45 Wheelbarrow
49:56 Bow Saw
49:45 Gold Mining
51:55 Chain Mail Armor
52:15 Heavy Plow
54:24 Crossbowman
58:49 Imperial Age
56:35 Hand Cart
59:00 Elite Magyar Huszar
59:14 Halberdier
özürlü31
8:59 Loom
11:33 Feudal Age
16:18 Castle Age
16:27 Double-Bit Axe
16:24 Horse Collar
17:59 Stone Mining
18:33 Bow Saw
20:30 Heavy Plow
22:37 Wheelbarrow
28:20 Gold Mining
28:27 Fletching
28:37 Padded Archer Armor
29:11 Hand Cart
31:42 Thumb Ring
33:04 Ballistics
32:56 Bodkin Arrow
33:16 Leather Archer Armor
38:56 Imperial Age
38:24 Elite Skirmisher
40:27 Gold Shaft Mining
40:27 Stone Shaft Mining
40:20 Conscription
40:32 Parthian Tactics
39:27 Heavy Cavalry Archer
50:47 Heavy Camel Rider
51:29 Husbandry
54:35 Chemistry
55:04 Town Watch
56:23 Caravan
Masturbinho_69
7:35 Loom
10:44 Feudal Age
12:24 Double-Bit Axe
18:13 Forging
23:04 Castle Age
21:14 Horse Collar
22:17 Stone Mining
24:34 Gambesons
30:02 Iron Casting
29:30 Scale Mail Armor
32:25 Pikeman
33:06 Squires
36:38 Husbandry
36:50 Bloodlines
38:24 Chain Mail Armor
41:26 Fletching
45:03 Wheelbarrow
47:13 Imperial Age
45:20 Thumb Ring
47:29 Halberdier
47:55 Arson
49:54 Blast Furnace
49:46 Plate Mail Armor
49:41 Hand Cart
49:10 Cavalier
52:04 Conscription
52:55 Ballistics
53:02 Scale Barding Armor
52:53 Bodkin Arrow
52:59 Padded Archer Armor
53:04 Stirrups
54:53 Chemistry
55:43 Bracer
55:58 Leather Archer Armor
58:45 Chain Barding Armor
60:43 Stirrups
62:17 Parthian Tactics
63:26 Heavy Cavalry Archer
Miklós Zrínyi VII.
10:35 Loom
12:31 Feudal Age
17:56 Castle Age
18:01 Double-Bit Axe
18:39 Fletching
18:51 Padded Archer Armor
24:10 Horse Collar
27:34 Wheelbarrow
28:55 Ballistics
29:26 Bodkin Arrow
29:46 Leather Archer Armor
31:59 Thumb Ring
34:15 Husbandry
34:26 Bloodlines
38:04 Imperial Age
40:16 Parthian Tactics
40:16 Bracer
40:47 Ring Archer Armor
39:40 Heavy Cavalry Archer
42:16 Chemistry
42:38 Conscription
44:23 Recurve Bow
45:56 Elite Magyar Huszar
48:04 Corvinian Army
56:25 Scale Barding Armor
Connection lost

Rejoining the realm…

Still unreachable

The connection could not be restored.

Session expired

The server has moved on; the page needs a fresh start.